 Dungeon Crawl Stone Soup version 0.18.1-50-g88ac8fd (webtiles) character file.

357 Zenobius the Magician (level 6, -3/32 HPs)
             Began as a Deep Elf Necromancer on Oct 16, 2016.
             Slain by Pikel
             ... wielding a +2 whip of flaming
              (7 damage)
             ... on level 4 of the Dungeon on Oct 20, 2016.
             The game lasted 00:52:21 (4789 turns).

Zenobius the Magician (Deep Elf Necromancer)        Turns: 4789, Time: 00:52:21

Health: -3/32      AC:  3    Str: 12    XL:     6   Next: 36%
Magic:  10/18      EV: 12    Int: 26    God:
Gold:   126        SH:  0    Dex: 15    Spells: 5 memorised, 6 levels left

rFire  . . .     SeeInvis .     h - +2 mace (crush)
rCold  . . .     Gourm    .     g - +0 leather armour
rNeg   . . .     Faith    .     (no shield)
rPois  .         Spirit   .     (no helmet)
rElec  .         Dismiss  .     (no cloak)
rCorr  .         Reflect  .     (no gloves)
SustAt .         Harm     .     (no boots)
MR     .....                    (no amulet)
Stlth  ++........               (no ring)
                                o - +6 ring of strength

@: brilliant, flying, not resistant to hostile enchantments, unstealthy
A: no striking features
a: no special abilities


You were on level 4 of the Dungeon.
You were not hungry.

You visited 1 branch of the dungeon, and saw 4 of its levels.

You collected 126 gold pieces.

Inventory:

Hand Weapons
 h - a +2 mace of crushing (weapon)
 l - a +0 hunting sling
 t - a cursed -3 dagger
 v - a +2 mace of holy wrath
 x - a +1 dagger of venom
 z - a +0 dagger
Missiles
 i - 128 stones (quivered)
 s - 44 sling bullets
Armour
 a - a +0 robe
 g - a +0 leather armour (worn)
 j - a +0 robe
Jewellery
 o - a +6 ring of strength (left hand)
 C - an uncursed ring of ice {unknown}
Wands
 r - a wand of confusion (18/48)
 y - a wand of confusion (16/48)
Scrolls
 k - 4 scrolls of identify
 m - 3 scrolls of remove curse
 u - 2 scrolls of teleportation {unknown}
 w - 2 scrolls of recharging {unknown}
 B - a scroll of magic mapping {unknown}
Potions
 e - 3 potions of brilliance
 f - a potion of flight
 A - a potion of lignification {unknown}
 D - a potion of degeneration {unknown}
Books
 b - a book of Necromancy

   Spells                             Type                      Level
   a - Pain                           Necromancy                   1
   b - Animate Skeleton               Necromancy                   1
   c - Vampiric Draining              Necromancy                   3
   d - Regeneration                   Charms/Necromancy            3
   e - Animate Dead                   Necromancy                   4
   f - Control Undead                 Necromancy                   4
 q - a Grand Grimoire

   Spells                             Type                      Level
   a - Monstrous Menagerie            Summoning                    7
   b - Summon Greater Demon           Summoning                    7
   c - Malign Gateway                 Summoning/Translocation      7
   d - Summon Horrible Things         Summoning                    8
Comestibles
 c - 4 bread rations
 d - a slice of pizza
 n - 2 meat rations
 p - 2 beef jerkies


   Skills:
 + Level 0.7 Armour
 + Level 2.7 Dodging
 - Level 2.4 Stealth
 * Level 7.4 Spellcasting
 + Level 6.5 Necromancy


You had 6 spell levels left.
You knew the following spells:

 Your Spells              Type           Power        Failure   Level  Hunger
a - Pain                  Necr           ####         1%          1    None
b - Animate Skeleton      Necr           N/A          1%          1    None
c - Animate Dead          Necr           N/A          1%          4    ##.....
d - Control Undead        Necr           ######....   1%          4    ##.....
e - Vampiric Draining     Necr           ######....   1%          3    None


Dungeon Overview and Level Annotations

Branches:
Dungeon (4/15)
 Temple: D:4-7

Altars:
Ashenzari
Pakellas

Annotations:
D:4 Pikel


Message History

A slave comes into view.
Casting: Pain
Confirm with . or Enter, or press ? or * to list all spells.
Aiming: Pain
Press: ? - help, Shift-Dir - straight line, f/p - Pikel
Aim: Pikel, wielding a whip of flaming and wearing an embroidered robe (lightly wounded, fast, chance to defeat MR: 84%) Pikel convulses in agony!
The slave shouts!
Pikel barely misses you. Pikel hits you with a whip of flaming.
* * * LOW HITPOINT WARNING * * *
Pikel burns you.
* * * LOW HITPOINT WARNING * * *
It was a potion of brilliance.
You feel clever all of a sudden. Pikel barely misses you.
The worker ant closely misses you.
It was a potion of flight.
You feel very buoyant.
You fly up into the air.
Pikel hits you with a whip of flaming!
You die...

....#............
.....##........#
...p........#..#
###...#.##..#..#
###.........#..####
...K...............
.##.#.#[.##.#..###
#.# ..
#.#Ka##.†..####.#.#
.#
#.#@............#.#
# #####.#.#######.#
#.#.# #.# #.#<# #.#
#.#.#######.#
#.#........<#
#.######.####
#.######.#####
#.............


You could see Pikel and a worker ant.

Vanquished Creatures
  A hippogriff (D:3)
  A slave (D:4)
  A crimson imp (D:3)
  An orc priest (D:3)
  An orc wizard (D:3)
  6 adders
  An ooze (D:1)
  2 worms
  5 dart slugs
  A giant gecko (D:3)
  10 orcs (D:3)
  A ball python (D:3)
  3 bats (D:3)
  3 giant cockroaches
  9 goblins
  5 hobgoblins
  3 quokkas
  A giant newt (D:3)
  4 kobolds
  7 rats
66 creatures vanquished.

Notes
Turn   | Place    | Note
--------------------------------------------------------------
     0 | D:1      | Zenobius the Deep Elf Necromancer began the quest for the Orb.
     0 | D:1      | Reached XP level 1. HP: 10/10 MP: 6/6
   172 | D:1      | Reached skill level 5 in Necromancy
   685 | D:1      | Reached XP level 2. HP: 8/15 MP: 1/8
   905 | D:1      | Learned a level 1 spell: Animate Skeleton
  1770 | D:2      | Reached skill level 4 in Spellcasting
  1770 | D:2      | Reached XP level 3. HP: 13/19 MP: 4/10
  2791 | D:2      | Reached XP level 4. HP: 15/24 MP: 6/12
  3569 | D:3      | Reached skill level 5 in Spellcasting
  3713 | D:3      | Learned a level 4 spell: Animate Dead
  3718 | D:3      | Learned a level 4 spell: Control Undead
  3722 | D:3      | Learned a level 3 spell: Vampiric Draining
  3761 | D:3      | Reached XP level 5. HP: 11/28 MP: 8/15
  4029 | D:3      | Reached skill level 6 in Spellcasting
  4248 | D:3      | Noticed a hippogriff
  4255 | D:3      | Killed a hippogriff
  4255 | D:3      | Reached skill level 7 in Spellcasting
  4255 | D:3      | Reached XP level 6. HP: 21/32 MP: 10/18
  4769 | D:4      | Found an oddly glowing altar of Pakellas.
  4771 | D:4      | Noticed a slave
  4772 | D:4      | Found a shattered altar of Ashenzari.
  4776 | D:4      | Noticed Pikel
  4782 | D:4      | Killed a slave
  4786 | D:4      | Noticed a slave
  4789 | D:4      | Slain by Pikel

Skill      XL: |  1  2  3  4  5 |
---------------+----------------+-----
Necromancy     | 5 6 |  6.5
Spellcasting   | 4 5 7 |  7.4
Armour         | |  0.7
Dodging        | |  2.7
Stealth        | |  2.4

Action                   |  1- 3 |  4- 6 || total
-------------------------+-------+-------++-------
Melee: Mace              |       |     3 ||     3
 Cast: Pain              |    63 |    77 ||   140
       Animate Skeleton  |     1 |       ||     1
  Use: Potion            |     2 |     2 ||     4
       Scroll            |       |     2 ||     2
  Eat: Chunk             |     4 |     6 ||    10
       Pizza             |     1 |       ||     1
Armor: Leather armour    |       |     4 ||     4
Dodge: Dodged            |    11 |    14 ||    25
